 Dungeon Crawl Stone Soup version 0.19.0-22-gd96e5fe (webtiles) character file.

3194 Melicamp the Nimble (level 9, -12/54 HPs)
             Began as a Deep Elf Conjurer on Nov 19, 2016.
             Was an Initiate of Makhleb.
             Mangled by Frank's ghost (17 damage)
             ... on level 8 of the Dungeon.
             The game lasted 00:35:40 (11115 turns).

Melicamp the Nimble (Deep Elf Conjurer)            Turns: 11115, Time: 00:35:41

Health: -12/54     AC:  4    Str:  5    XL:     9   Next: 64%
Magic:  1/20       EV: 19    Int: 27    God:    Makhleb [......]
Gold:   407        SH:  0    Dex: 17    Spells: 3 memorised, 11 levels left

rFire  . . .     SeeInvis +     u - +2 dagger (drain)
rCold  . . .     Gourm    .     a - +2 robe
rNeg   . . .     Faith    .     (no shield)
rPois  .         Spirit   .     w - +0 hat
rElec  .         Reflect  .     (no cloak)
rCorr  .         Harm     .     (no gloves)
MR     .....                    (no boots)
Stlth  ++........               (no amulet)
                                B - +5 ring of intelligence
                                e - ring of see invisible

@: no status effects
A: no striking features
a: Renounce Religion


You were on level 8 of the Dungeon.
You worshipped Makhleb.
Makhleb was noncommittal.
You were not hungry.

You visited 2 branches of the dungeon, and saw 9 of its levels.

You collected 407 gold pieces.

Inventory:

Hand Weapons
 f - a +0 short sword of venom
 h - a +2 antimagic short sword
 u - a +2 dagger of draining (weapon)
 C - a +0 rapier
Armour
 a - a +2 robe (worn)
 w - a +0 hat (worn)
Jewellery
 e - a ring of see invisible (left hand)
 i - an uncursed ring of resist corrosion
 q - an uncursed ring of protection from fire
 B - a +5 ring of intelligence (right hand)
Wands
 g - a wand of acid (13/15)
 m - a wand of disintegration (11/24)
 y - a wand of flame (31/48)
Scrolls
 c - a scroll of recharging
 j - 2 scrolls of amnesia
 n - a scroll of teleportation
 t - a scroll of remove curse
Potions
 k - a potion of mutation
 l - a potion of haste
 o - a potion of flight
 p - a potion of brilliance {unknown}
 r - 2 potions of cure mutation
 v - a potion of might {unknown}
 x - a potion of lignification {unknown}
 z - 2 potions of cancellation {unknown}
 A - a potion of curing {unknown}
Books
 b - a book of Conjurations

   Spells                             Type                      Level
   a - Magic Dart                     Conjuration                  1
   b - Searing Ray                    Conjuration                  2
   c - Dazzling Spray                 Conjuration/Hexes            3
   d - Fulminant Prism                Conjuration/Hexes            4
   e - Iskenderun's Mystic Blast      Conjuration                  4
   f - Iskenderun's Battlesphere      Conjuration/Charms           5
Comestibles
 d - a beef jerky
 s - a slice of pizza
 D - 2 fruits
 F - a bread ration


   Skills:
 - Level 5.1 Fighting
 - Level 5.2 Short Blades
 - Level 9.2 Dodging
 - Level 2.4 Stealth
 + Level 6.6 Spellcasting
 * Level 8.3 Conjurations


You had 11 spell levels left.
You knew the following spells:

 Your Spells              Type           Power        Failure   Level  Hunger
a - Magic Dart            Conj           ####         1%          1    None
b - Iskenderun's Mystic   Conj           ######..     1%          4    ###....
c - Iskenderun's Battles  Conj/Chrm      ####....     34%         5    #####..


Dungeon Overview and Level Annotations

Branches:
Dungeon (8/15)             Temple (1/1) D:7
   Lair: D:8-11

Altars:
Ashenzari
Cheibriados
Dithmenos
Elyvilon
Fedhas
Hepliaklqana
Makhleb
Nemelex Xobeh
Okawaru
Qazlal
Ru
Trog
Uskayaw
Vehumet
Xom
Yredelemnul
Zin
The Shining One

Annotations:
D:8 Frank's ghost, novice GrGl


Message History

Frank's ghost hits you!
You hit Frank's ghost but do no damage.
Frank's ghost is severely damaged.
You hit Frank's ghost but do no damage.
Frank's ghost is severely damaged.
Frank's ghost hits you!
Casting: Magic Dart
Confirm with . or Enter, or press ? or * to list all spells.
Aiming: Magic Dart
Press: ? - help, Shift-Dir - straight line, f/p - Frank's ghost
Aim: Frank's ghost (severely damaged)
The magic dart hits Frank's ghost.
Frank's ghost is severely damaged.
Frank's ghost barely misses you.
You hit Frank's ghost.
Frank's ghost is severely damaged.
Frank's ghost hits you!!
* * * LOW HITPOINT WARNING * * *
Frank's ghost hits you!
You die...

######### #.......###### ###
###.#####......########## #..
..#.##########..>.......# #.#
###.#............########.#
#.#...#.############........#.#
#.#.#.#.# #..#####.#.# #<..#.#.#
#####..#...#.#.# #W###.#.#
#@...........#.#
#.....#.########W####)#.###.#.#
#........[......(.............#
#.....#.########.####.#.###...##
#)###.#.#...............#......#
#.###.#.#.########.##.#.(.....##
......#.#.##........#.#.####..#
......#[#....########.#...>...#
#.###.#.###### #.######.##


You could see Frank's ghost.

Vanquished Creatures
  Pikel (D:7)
  2 hippogriffs
  A shadow (D:7)
  2 hungry ghosts
  Menkaure (D:4)
  3 orc warriors
  A slave (D:7)
  An ogre (D:4)
  2 phantoms (D:4)
  A necrophage (D:7)
  2 centaurs
  A bullfrog (D:6)
  3 scorpions
  A centaur zombie (D:5)
  A crimson imp (D:7)
  2 hounds
  4 orc priests
  Crazy Yiuf (D:2)
  A centaur skeleton (D:4)
  6 orc wizards
  Jessica (D:2)
  2 iguanas
  5 worker ants
  A hound zombie (D:5)
  2 hound skeletons
  A worker ant zombie (D:5)
  5 adders
  A shadow imp (D:5)
  An ooze (D:1)
  2 worms
  A dart slug (D:2)
  7 leopard geckos
  17 orcs
  A ball python (D:4)
  3 giant cockroaches
  5 goblins
  7 hobgoblins
  10 jackals (D:1)
  9 kobolds
  5 quokkas
  10 bats
  3 frilled lizards
  2 leopard gecko skeletons
  8 rats
  5 fungi (D:2)
151 creatures vanquished.

Vanquished Creatures (others)
  2 slaves (D:7)
  A big kobold (D:7)
  A hound (D:7)
  2 orcs (D:7)
  7 toadstools (D:1)
13 creatures vanquished.

Grand Total: 164 creatures vanquished

Notes
Turn   | Place    | Note
-------+----------+-------------------------------------------
     0 | D:1      | Melicamp the Deep Elf Conjurer began the quest for the Orb.
     0 | D:1      | Reached XP level 1. HP: 10/10 MP: 6/6
   207 | D:1      | Reached XP level 2. HP: 15/15 MP: 4/8
   254 | D:1      | Reached skill level 5 in Conjurations
   776 | D:1      | Reached XP level 3. HP: 17/19 MP: 1/9
  1567 | D:2      | Found a faded altar of an unknown god.
  1608 | D:2      | Reached XP level 4. HP: 20/24 MP: 3/10
  1830 | D:2      | Learned a level 4 spell: Iskenderun's Mystic Blast
  1865 | D:2      | Noticed Jessica
  1866 | D:2      | Killed Jessica
  2403 | D:2      | Found a runed door.
  2407 | D:2      | Noticed Crazy Yiuf
  2408 | D:2      | Killed Crazy Yiuf
  2486 | D:3      | Found a hide-covered altar of Uskayaw.
  2526 | D:3      | Reached XP level 5. HP: 28/28 MP: 9/11
  3077 | D:4      | Noticed Menkaure
  3078 | D:4      | Killed Menkaure
  3078 | D:4      | Reached XP level 6. HP: 32/32 MP: 7/12
  3134 | D:4      | Reached skill level 1 in Short Blades
  3134 | D:4      | Reached skill level 3 in Dodging
  3248 | D:4      | Reached skill level 4 in Dodging
  3412 | D:4      | Reached XP level 7. HP: 36/36 MP: 8/13
  3750 | D:4      | Reached skill level 5 in Dodging
  4201 | D:5      | Entered Level 5 of the Dungeon
  4957 | D:5      | Reached skill level 6 in Dodging
  5334 | D:5      | Reached XP level 8. HP: 41/41 MP: 5/14
  5608 | D:5      | Reached skill level 7 in Dodging
  5750 | D:5      | Learned a level 5 spell: Iskenderun's Battlesphere
  6291 | D:5      | You fall through a shaft for 3 floors!
  6343 | D:7      | Reached skill level 8 in Dodging
  6523 | D:7      | Found a snail-covered altar of Cheibriados.
  6848 | D:6      | Found a white marble altar of Elyvilon.
  6940 | D:6      | Reached skill level 5 in Short Blades
  7028 | D:6      | Reached skill level 9 in Dodging
  7330 | D:6      | You fall through a shaft for 2 floors!
  7352 | D:8      | Noticed Frank's ghost (novice GrGl)
  7584 | D:7      | Reached skill level 1 in Fighting
  7833 | D:7      | Found a staircase to the Ecumenical Temple.
  7991 | Temple   | Entered the Ecumenical Temple
  8089 | Temple   | Became a worshipper of Makhleb the Destroyer
  8099 | D:7      | Noticed Pikel
  8113 | D:7      | Killed Pikel
  8113 | D:7      | Reached XP level 9. HP: 30/50 MP: 6/17
  8461 | D:7      | Reached skill level 5 in Spellcasting
  8892 | D:7      | Found a burning altar of Makhleb.
 10637 | D:8      | Reached skill level 5 in Fighting
 11115 | D:8      | Mangled by Frank's ghost

Skill      XL: |  1  2  3  4  5  6  7  8  9 |
---------------+----------------------------+-----
Conjurations   | 5 6 8 |  8.3
Short Blades   | 1 3 5 |  5.2
Dodging        | 4 6 9 |  9.2
Fighting       | 3 5 |  5.1
Spellcasting   | 4 6 |  6.6
Stealth        | |  2.4

Action                   |  1- 3 |  4- 6 |  7- 9 || total
-------------------------+-------+-------+-------++-------
Melee: Short sword       |    10 |    56 |    90 ||   156
       Dagger            |       |       |    20 ||    20
 Cast: Magic Dart        |    79 |    51 |   227 ||   357
       Iskenderun's Myst |       |     9 |    47 ||    56
  Use: Scroll            |     4 |    10 |     7 ||    21
       Potion            |       |       |     2 ||     2
  Eat: Chunk             |     2 |     1 |     7 ||    10
       Bread ration      |       |     1 |     2 ||     3
       Fruit             |       |     2 |     1 ||     3
       Meat ration       |       |       |     3 ||     3
Armor: Robe              |     3 |     1 |    17 ||    21
Dodge: Dodged            |     9 |     8 |   147 ||   164
